 Dungeon Crawl Stone Soup version 0.21.1-1-g345015f (webtiles) character file.

71 tognito the Chopper (level 4, 0/41 HPs)
             Began as a Minotaur Berserker on June 3, 2018.
             Was a Believer of Trog.
             Slain by a gnoll
             ... wielding a +0 halberd
              (3 damage)
             ... on level 2 of the Dungeon.
             The game lasted 00:02:28 (717 turns).

tognito the Chopper (Minotaur Berserker)             Turns: 717, Time: 00:02:28

Health: 0/41       AC: 10    Str: 20 (23) XL:     4   Next: 5%
Magic:  3/3        EV:  8    Int:  2 (4)  God:    Trog [**....]
Gold:   119        SH:  0    Dex:  7 (9)  Spells: 3/3 levels left

rFire    . . .     SeeInvis .   a - +0 hand axe
rCold    . . .     Gourm    .   (no shield)
rNeg     . . .     Faith    .   h - +0 chain mail
rPois    .         Spirit   .   (helmet restricted)
rElec    .         Reflect  .   m - +0 cloak
rCorr    .         Harm     .   (no gloves)
MR       .....                  (no boots)
Stlth    ..........             (no amulet)
HPRegen  0.13/turn              (no ring)
MPRegen  0.08/turn              (no ring)

@: berserk cooldown, hasted and slowed
A: retaliatory headbutt, horns 2
a: Berserk, Trog's Hand, Burn Spellbooks, Renounce Religion


You were on level 2 of the Dungeon.
You worshipped Trog.
Trog was pleased with you.
You were not hungry.

You visited 1 branch of the dungeon, and saw 2 of its levels.

You collected 119 gold pieces.

Inventory:

Hand Weapons
 a - a +0 hand axe (weapon)
Armour
 b - a +2 ring mail of cold resistance
 h - a +0 chain mail (worn)
 m - a +0 cloak (worn)
Scrolls
 e - a scroll of immolation {unknown}
 f - a scroll of teleportation {unknown}
 g - a scroll of noise {unknown}
 i - a scroll of remove curse {unknown}
 j - 2 scrolls of fear {unknown}
 l - a scroll of identify {unknown}
 n - a scroll of enchant armour {unknown}
Potions
 k - a potion of haste
Comestibles
 c - a ration
 d - 11 chunks of flesh


   Skills:
 + Level 4.4 Fighting
 + Level 4.8 Axes
 + Level 2.9 Armour
 + Level 2.6 Dodging


You had 3 spell levels left.
You didn't know any spells.

Dungeon Overview and Level Annotations

Branches:
Dungeon (2/15)

Altars:


Innate Abilities, Weirdness & Mutations

You reflexively headbutt those who attack you in melee.
You have a pair of horns on your head.


Message History

Space bends around you.
* * * LOW HITPOINT WARNING * * *
Things that are here:
a chunk of flesh; a leopard gecko skeleton The gnoll barely misses you.
You furiously retaliate!
You headbutt the gnoll!
You kill the gnoll!
Trog accepts your kill.
You have reached level 4!
You feel stronger.
You see here an adder skeleton.
Things that are here:
a chunk of flesh; a leopard gecko skeleton
d - 11 chunks of flesh (gained 1)
You feel yourself speed up. The gnoll barely misses you.
The gnoll closely misses you.
You see here an adder skeleton.
You hit the gnoll.
The gnoll is severely wounded.
The gnoll hits you with a halberd.
You die...

#.....%...# .##
#.....?r..#.............
#....g)g................
......gg................
####.##.###[.##.........
#.....##...##g.......
####.................
#..##?.###g(......
###...#>.###@.......
#...........รท##.....
#.........)......###
#............##..#
#...............## .
#...........##..# ..
#.......<..##....#
...##..........#.. ....
.............<...# ..#..


You could see 2 gnolls.

Vanquished Creatures
  2 gnolls (D:2)
  2 adders (D:2)
  A worm (D:2)
  2 leopard geckos
  5 hobgoblins
  A quokka (D:2)
  A ball python (D:1)
  4 bats (D:1)
  A frilled lizard (D:1)
  4 goblins
  5 kobolds
  2 rats
30 creatures vanquished.

Notes
Turn   | Place    | Note
-------+----------+-------------------------------------------
     0 | D:1      | tognito the Minotaur Berserker began the quest for the Orb.
     0 | D:1      | Reached XP level 1. HP: 19/19 MP: 0/0
   229 | D:1      | Reached XP level 2. HP: 27/27 MP: 1/1
   613 | D:2      | Reached XP level 3. HP: 27/33 MP: 2/2
   696 | D:2      | Reached ** piety under Trog
   711 | D:2      | Reached XP level 4. HP: 2/41 MP: 3/3
   717 | D:2      | Slain by a gnoll

Skill      XL: |  1  2 |
---------------+-------+-----
Axes           | 4 |  4.8
Fighting       | 4 |  4.4
Armour         | |  2.9
Dodging        | |  2.6

Action                   |  1- 3 |  4- 6 || total
-------------------------+-------+-------++-------
Melee: Hand axe          |    92 |     1 ||    93
       Headbutt          |     9 |       ||     9
Invok: Berserk           |     1 |       ||     1
  Use: Potion            |     5 |     1 ||     6
Armor: Chain mail        |    52 |       ||    52
       Animal skin       |     2 |       ||     2
Dodge: Dodged            |    64 |     2 ||    66
